 Dungeon Crawl Stone Soup version 0.31-a0-632-g766dd24fdf (webtiles) character file.

Game seed: 9651845437846004131

217 LeprechaunX the Changeling (level 5, -1/45 (52) HPs)
             Began as an Octopode Shapeshifter on Aug 25, 2023.
             Slain by a ball python (2 damage)
             ... on level 4 of the Dungeon.
             The game lasted 00:04:07 (3430 turns).

LeprechaunX the Changeling (Octopode Shapeshifter)  Turns: 3430, Time: 00:04:07

HP:   -1/45 (52)    AC: 22    Str: 17    XL:     5   Next: 94%
MP:   5/5           EV: -1    Int: 10    God:
Gold: 211           SH:  7    Dex: 12    Spells: 4/4 levels left

rFire   . .          .
                       - Unarmed
rCold   . . .        r - +0 kite shield
rNeg    . . .        (helmet currently unavailable)
rPois   +            d - amulet of magic regeneration
rElec   .            (no ring)
rCorr   .            (no ring)
SInv    .            (no ring)
Will    .....        (no ring)
Stlth   +            (no ring)
HPRegen 0.27/turn    (no ring)
MPRegen 0.49/turn    (no ring)
                     (no ring)

%: no passive effects
@: lethally poisoned (-1 -> -3), tree-form, slowed, constricted, heavily
drained, very slow
A: stationary, stasis, torment immunity, boosted hp, almost no armour,
(amphibious), 8 rings, (camouflage 1), (gelatinous body 1), (nimble swimmer 1),
(tentacles)
a: no special abilities


You were on level 4 of the Dungeon.
You were a tree.
You visited 1 branch of the dungeon, and saw 4 of its levels.
You also visited: Sewer.

You collected 211 gold pieces.

Inventory:

Missiles
 w - 3 boomerangs
Armour
 r - a +0 kite shield (worn)
Jewellery
 d - an amulet of magic regeneration (around neck)
Talismans
 b - a beast talisman
 c - a flux talisman
 i - a blade talisman
Wands
 o - a wand of iceblast (5) (quivered)
 u - a wand of flame (4)
 v - a wand of light (7)
Scrolls
 g - 2 scrolls of torment {unknown}
 h - 3 scrolls of identify {unknown}
 j - a scroll of immolation {unknown}
 m - a scroll of amnesia {unknown}
 n - a scroll of enchant armour {unknown}
 p - a scroll of enchant weapon {unknown}
 q - a scroll of fog {unknown}
 t - a scroll of poison {unknown}
 x - a scroll of teleportation {unknown}
 y - a scroll of vulnerability {unknown}
Potions
 e - 4 potions of invisibility {unknown}
 f - a potion of mutation {unknown}
 k - 3 potions of heal wounds {unknown}
 l - 3 potions of brilliance {unknown}
 s - a potion of might {unknown}
 z - a potion of magic {unknown}
 A - a potion of resistance {unknown}
 B - 2 potions of cancellation {unknown}
 C - a potion of haste {unknown}


   Skills:
 + Level 2.4 Fighting
 - Level 3.0 Dodging
 + Level 1.2 Shields
 + Level 3.8 Unarmed Combat
 * Level 4.4 Shapeshifting


You had 4 spell levels left.
You didn't know any spells.
Your spell library contained the following spells:

 Spells                   Type           Power      Damage    Failure   Level
 Magic Dart               Conj           0%         1d3       75%         1
 Sandblast                Erth           0%         2d4       75%         1
 Passwall                 Tmut/Erth      0%         N/A       86%         2
 Searing Ray              Conj           0%         2d4       86%         2
 Stone Arrow              Conj/Erth      0%         3d7       98%         3
 Vhi's Electric Charge    Tloc/Air       0%         N/A       98%         3
 Fulminant Prism          Conj/Hex       0%         3d5       100%        4
 Arcjolt                  Conj/Air       0%         1d10      100%        5
 Plasma Beam              Fire/Air       0%         2x1d10    100%        6


Dungeon Overview and Level Annotations

Branches:
Dungeon (4/15)              Sewer (visited)
 Temple: D:4-7

Altars:
Makhleb


Innate Abilities, Weirdness & Mutations

You are a tree.
Your roots penetrate the ground, keeping you stationary.
You cannot be teleported.
You are immune to unholy pain and torment.
Your maximum health is greatly increased.
You cannot wear most types of armour.
((You are amphibious.))
You can wear up to eight rings at the same time.
((Your skin changes colour to match your surroundings (Stealth+).))
((Your rubbery body absorbs attacks. (AC +1, EV +1)))
((You are camouflaged when in or above water. (Stealth+)))
((You have tentacles for arms and can constrict up to eight enemies at once.))


Message History

You tentacle-slap the kobold.
You kill the kobold!
The kobold brigand throws a curare-tipped dart.
The curare-tipped dart hits you.
You are poisoned.
You have difficulty breathing.
You feel yourself slow down.
A ball python comes into view.
You feel very sick.
The ball python hisses angrily.
The kobold brigand hits you with a +1 dagger of draining.
* * * LOW HITPOINT WARNING * * *
You feel drained.
* * * LOW HITPOINT WARNING * * *
You see here a +0 club.
Your transformation has ended.
You turn into a tree.
Your roots penetrate the ground.
* * * LOW HITPOINT WARNING * * *
You feel very sick.
The kobold brigand hits you but does no damage.
You feel drained.
You miss the kobold brigand.
* * * LOW HITPOINT WARNING * * *
You feel very sick.
The kobold brigand hits you but does no damage.
You feel drained. You block the kobold brigand's attack.
The ball python barely misses you. You block the ball python's attack.
You hit the kobold brigand but do no damage.
* * * LOW HITPOINT WARNING * * *
You feel sick.
The kobold brigand hits you but does no damage.
You feel drained. You block the ball python's attack.
The ball python grabs you. The ball python constricts you.
You block the kobold brigand's attack.
The ball python bites you but does no damage.
The ball python constricts you.
You hit the kobold brigand.
The kobold brigand is moderately wounded.
* * * LOW HITPOINT WARNING * * *
You feel sick. The ball python bites you.
You die...

. #...
#...#.#....[...
....
#.##.##..#......
#.#$#......###..
#.###.....## .
........###
#...###..# ##..
#).# #. #..# #
##♣# #.SK......
#.#......# ..
.##.... ... ..
... ..#. ... ..
..... .## .
...... ..


You could see a kobold brigand and a ball python.

Vanquished Creatures
  2 jellies (D:4)
  8 adders
  3 worms
  4 dart slugs
  An orc (D:3)
  4 endoplasms
  5 giant cockroaches
  A goblin (D:2)
  A hobgoblin (D:4)
  4 jackals (D:3)
  2 quokkas (D:2)
  5 ball pythons
  6 bats
  5 frilled lizards
  17 kobolds
  5 rats
73 creatures vanquished.

Notes
Turn   | Place    | Note
-------+----------+-------------------------------------------
     0 | D:1      | LeprechaunX the Octopode Shapeshifter began the quest for
                  | the Orb.
     0 | D:1      | Reached XP level 1. HP: 13/13 MP: 1/1
   416 | D:1      | Reached XP level 2. HP: 18/18 MP: 2/2
  1102 | D:2      | Reached XP level 3. HP: 18/23 MP: 3/3
  1346 | D:2      | Reached XP level 4. HP: 29/29 MP: 4/4
  1913 | D:3      | Found a burning altar of Makhleb.
  2916 | D:4      | Found a glowing drain.
  2928 | Sewer    | Entered a sewer
  2995 | Sewer    | Reached skill level 4 in Shapeshifting
  2995 | Sewer    | Reached XP level 5. HP: 34/34 MP: 5/5
  3399 | D:4      | Reached skill level 1 in Shields
  3424 | D:4      | Noticed a kobold brigand
  3429 | D:4      | HP: 2/46 [poisoned by a kobold brigand (curare-tipped
                  | dart)]
  3430 | D:4      | Slain by a ball python

Illustrated notes

Levels and vault maps discovered:
D:1:      orjb1_clovarrival, layout_basic
D:2:      layout_basic, serial_rivers, chequers_serial_rivers_large_b,
          chequers_serial_rivers_large_a, chequers_serial_rivers_small_3,
          chequers_serial_rivers_micro_c, chequers_serial_rivers_marsh
D:3:      layout_basic, bloody_makhleb, serial_corexii_hall,
          corexii_hall_statues_u, corexii_hall_statues_s
D:4:      layout_cave_pools, portal_sewer_entry_d, minmay_vboxes

Skill      XL: |  1  2  3  4  5 |
---------------+----------------+-----
Fighting       | 2 |  2.4
Shapeshifting  | 4 |  4.4
Shields        | 1 |  1.2
Dodging        | 3 |  3.0
Unarmed Combat | |  3.8

Action                     |  1- 3 |  4- 6 || total
---------------------------+-------+-------++-------
  Melee: Unarmed           |    42 |   101 ||   143
         Constrict         |     8 |    28 ||    36
         Tentacles         |     9 |    18 ||    27
         Punch             |     2 |     3 ||     5
    Use: Potion            |       |     1 ||     1
   Stab: Sleeping          |    10 |     8 ||    18
 Armour: Skin              |     2 |    10 ||    12
  Dodge: Dodged            |    21 |    34 ||    55
  Block: Kite shield       |       |    43 ||    43

Table legend: (Time is in decaauts)
 A = Elapsed time spent in this place.
 B = Non-inter-level travel time spent in this place.
 C = Inter-level travel time spent in this place.
 D = Time resting spent in this place.
 E = Time spent auto-exploring this place.
 F = Levels seen in this place.
 G = Mean time per level.
                   A        B        C        D        E       F      G
               +--------+--------+--------+--------+--------+-----+--------+
         Total |   3440 |   3275 |    165 |     83 |   2596 |   5 |  688.0 |
       Dungeon |   3051 |   2886 |    165 |      0 |   2484 |   4 |  762.8 |
         Sewer |    389 |    389 |      0 |     83 |    112 |   1 |  389.0 |
               +--------+--------+--------+--------+--------+-----+--------+

Top non-repeatable levels by time:
     D:3: 1035 daAuts
     D:1: 955 daAuts
     D:2: 910 daAuts
   Sewer: 389 daAuts
     D:4: 150 daAuts
